 Dungeon Crawl Stone Soup version 0.27-a0-1193-g8631133539 (webtiles) character file.

Game seed: 16293976863972498138

714 bande the Covered (level 7, -1/44 HPs)
             Began as a Gargoyle Fighter on May 27, 2021.
             Was an Initiate of Okawaru.
             Slain by Edmund
             ... wielding a +5 dire flail of protection
              (7 damage)
             ... on level 4 of the Dungeon.
             The game lasted 00:07:31 (3868 turns).

bande the Covered (Gargoyle Fighter)                Turns: 3868, Time: 00:07:32

Health: -1/44      AC: 18    Str: 20    XL:     7   Next: 69%
Magic:  7/7        EV:  4    Int:  9    God:    Okawaru [......]
Gold:   166        SH:  9    Dex: 10    Spells: 6/6 levels left

rFire    . . .     SeeInvis .   a - +1 war axe
rCold    . . .     Faith    .   c - +0 kite shield
rNeg     + . .     Spirit   .   l - +0 plate armour
rPois    ∞         Reflect  .   n - +0 helmet
rElec    +         Harm     .   e - scarf {repulsion}
rCorr    .         Rampage  .   (no gloves)
Will     ++...                  (no boots)
Stlth    ..........             (no amulet)
HPRegen  0.14/turn              j - ring of willpower
MPRegen  0.10/turn              k - ring of willpower

@: repel missiles
A: sickness immunity, AC +4, negative energy resistance 1, electricity
resistance, torment resistance 1, petrification resistance
a: Renounce Religion


You were on level 4 of the Dungeon.
You worshipped Okawaru.
Okawaru was noncommittal.
You visited 2 branches of the dungeon, and saw 5 of its levels.

You collected 166 gold pieces.

Inventory:

Hand Weapons
 a - a +1 war axe (weapon)
Armour
 c - a +0 kite shield (worn)
 e - a scarf of repulsion (worn)
 l - a +0 plate armour (worn)
 n - a +0 helmet (worn)
Jewellery
 j - a ring of willpower (left hand)
 k - a ring of willpower (right hand)
Wands
 h - a wand of digging (5)
Scrolls
 d - a scroll of enchant weapon
 f - 2 scrolls of identify
Potions
 b - 2 potions of degeneration {unknown}
 g - a potion of curing
 i - 3 potions of flight


   Skills:
 + Level 4.4 Fighting
 + Level 4.3 Axes
 + Level 5.4 Armour
 + Level 1.0 Dodging
 + Level 4.6 Shields
 * Level 2.9 Evocations


You had 6 spell levels left.
You didn't know any spells.
Your spell library was empty.

Dungeon Overview and Level Annotations

Branches:
Dungeon (4/15)             Temple (1/1) D:4

Altars:
Ashenzari
Cheibriados
Dithmenos
Elyvilon
Fedhas
Gozag
Nemelex Xobeh
Okawaru
Qazlal
Ru
Trog
Uskayaw
Vehumet
Xom
Yredelemnul
Zin

Annotations:
D:4 Edmund


Innate Abilities, Weirdness & Mutations

You are immune to sickness and miasma.
Your stone body is resilient. (AC +4)
You are immune to poison.
You resist negative energy. (rN+)
You are resistant to electric shocks. (rElec)
You are resistant to unholy torment.
You are immune to petrification.


Message History

No target in view!
There is an open door here.
There is an open door here.
Edmund the Younger comes into view.
He is wielding a +5 dire flail of protection.
Edmund shouts!
Edmund is nearby!
You block Edmund's attack.
You closely miss Edmund. You block Edmund's attack.
Edmund hits you with a +5 dire flail of protection.
You hit Edmund.
Edmund is lightly wounded.
Edmund hits you with a +5 dire flail of protection!
You slash Edmund!
Edmund is moderately wounded.
Edmund hits you but does no damage. x2
You barely miss Edmund.
Edmund is moderately wounded.
You block Edmund's attack.
You hit Edmund.
Edmund is moderately wounded.
Edmund hits you with a +5 dire flail of protection!
You are too injured to fight recklessly!
You are too injured to fight recklessly!
You are too injured to fight recklessly!
You are too injured to fight recklessly!
You are too injured to fight recklessly!
You are too injured to fight recklessly!
You are too injured to fight recklessly!
You barely miss Edmund.
Edmund is moderately wounded.
Edmund hits you with a +5 dire flail of protection.
You block Edmund's attack.
You barely miss Edmund.
Edmund is moderately wounded.
Edmund hits you with a +5 dire flail of protection!
* * * LOW HITPOINT WARNING * * *
You hit Edmund.
Edmund is moderately wounded.
Edmund hits you with a +5 dire flail of protection!
You die...

#.#..##..#.......# ##
#.#....[.#.......#####.
#.....#..#.......#...#.
#.....#..#.......#...#.
#.#...#≈≈#.......'...#.
##.#...####.......#...#.
#..#...#..#.......#####.
#..#...#..#.............
#..#...@@.#.............
#..#)#....#.............
#..########.............
#.......................
#..######...............
##......................
########...............
#...............
#...............


You could see Edmund.

Vanquished Creatures
  Sigmund (D:4)
  Duvessa (D:4)
  2 necrophages (D:4)
  Dowan (D:4)
  A hound (D:4)
  2 iguanas (D:4)
  A scorpion zombie (D:4)
  7 adders
  An ufetubus (D:3)
  An adder skeleton (D:4)
  A worm (D:3)
  A dart slug (D:2)
  3 orcs
  6 ball pythons
  3 bats
  6 endoplasms
  4 giant cockroaches
  8 goblins
  5 hobgoblins
  3 jackals (D:1)
  8 kobolds
  2 quokkas (D:1)
  3 frilled lizards
  6 rats
77 creatures vanquished.

Notes
Turn   | Place    | Note
-------+----------+-------------------------------------------
     0 | D:1      | bande the Gargoyle Fighter began the quest for the Orb.
     0 | D:1      | Reached XP level 1. HP: 14/14 MP: 1/1
   164 | D:1      | Reached XP level 2. HP: 14/19 MP: 2/2
   481 | D:1      | Reached skill level 4 in Armour
   537 | D:1      | Reached XP level 3. HP: 21/23 MP: 3/3
   613 | D:1      | Found a faded altar of an unknown god.
   632 | D:1      | You fall into a shaft and drop 1 floor!
  1041 | D:2      | Reached XP level 4. HP: 23/29 MP: 4/4
  2488 | D:4      | Reached skill level 1 in Evocations
  2488 | D:4      | Reached XP level 5. HP: 21/33 MP: 5/5
  2752 | D:4      | Noticed Sigmund
  2762 | D:4      | Killed Sigmund
  2763 | D:4      | Reached XP level 6. HP: 35/38 MP: 6/6
  2966 | D:4      | Noticed Duvessa
  2967 | D:4      | Noticed Dowan
  2985 | D:4      | HP: 1/38 [Duvessa/+0 short sword (10)]
  2996 | D:4      | Killed Duvessa
  2997 | D:4      | Reached skill level 1 in Dodging
  2997 | D:4      | Reached XP level 7. HP: 27/43 MP: 7/7
  3000 | D:4      | Killed Dowan
  3001 | D:4      | Reached skill level 5 in Armour
  3155 | D:4      | Found a staircase to the Ecumenical Temple.
  3162 | Temple   | Entered the Ecumenical Temple
  3180 | Temple   | Became a worshipper of Warmaster Okawaru
  3859 | D:4      | Noticed Edmund
  3868 | D:4      | Slain by Edmund

Illustrated notes

Levels and vault maps discovered:
D:1:      dpeg_arrival_erosion, layout_loops_ring,
          chequers_ecumenical_altar_simple_redux, grunt_decor_arrowhead,
          st_stairs_13
D:2:      layout_basic
D:3:      layout_basic, hex_tiny
D:4:      layout_gridville, minmay_temple_entry_ruins, sigmund_edmund_badplayer,
          uniq_duvessa
Temple:   lightli_temple_of_artemis

Skill      XL: |  1  2  3  4  5  6  7 |
---------------+----------------------+-----
Armour         | 4 5 |  5.4
Axes           | 2 3 4 |  4.3
Evocations     | 1 2 |  2.9
Fighting       | 4 |  4.4
Shields        | 4 |  4.6
Dodging        | 1 |  1.0

Action                   |  1- 3 |  4- 6 |  7- 9 || total
-------------------------+-------+-------+-------++-------
Melee: War axe           |   104 |   128 |    54 ||   286
  Use: Scroll            |     3 |     4 |     3 ||    10
       Potion            |       |     4 |       ||     4
Armor: Scale mail        |    68 |    30 |       ||    98
       Plate armour      |       |    63 |    38 ||   101
Dodge: Dodged            |    45 |    32 |     5 ||    82
Block: Kite shield       |    48 |    70 |    27 ||   145

Table legend: (Time is in decaauts)
 A = Elapsed time spent in this place.
 B = Non-inter-level travel time spent in this place.
 C = Inter-level travel time spent in this place.
 D = Time resting spent in this place.
 E = Time spent auto-exploring this place.
 F = Levels seen in this place.
 G = Mean time per level.
                   A        B        C        D        E       F      G
               +--------+--------+--------+--------+--------+-----+--------+
         Total |   4035 |   3994 |     41 |    588 |   2460 |   5 |  807.0 |
       Dungeon |   3999 |   3958 |     41 |    588 |   2460 |   4 |  999.8 |
        Temple |     35 |     35 |      0 |      0 |      0 |   1 |   35.0 |
               +--------+--------+--------+--------+--------+-----+--------+

Top non-repeatable levels by time:
     D:4: 1444 daAuts
     D:1: 910 daAuts
     D:2: 868 daAuts
     D:3: 775 daAuts
  Temple: 35 daAuts
